 Dungeon Crawl Stone Soup version 0.28.0-53-g5a82cb258f (webtiles) character file.

Game seed: 14399385927143425378

1767 firemarshallily the Slasher (level 8, -1/64 HPs)
             Began as a Demonspawn Gladiator on May 20, 2022.
             Was a Believer of Trog.
             Slain by a gnoll
             ... wielding a +0 spear
              (6 damage)
             ... on level 6 of the Dungeon on May 21, 2022.
             The game lasted 00:17:50 (5088 turns).

firemarshallily the Slasher (Demonspawn Gladiator)  Turns: 5088, Time: 00:17:51

Health: -1/64      AC:  9    Str: 17    XL:     8   Next: 80%
Magic:  8/8        EV: 16    Int: 10    God:    Trog [**....]
Gold:   272        SH:  4    Dex: 14    Spells: 7/7 levels left

rFire   . . .      SeeInvis .   a - +0 long sword (freeze)
rCold   . . .      Faith    .   (no shield)
rNeg    . . .      Spirit   .   b - +1 leather armour
rPois   .          Reflect  .   (helmet restricted)
rElec   .          Harm     .   (no cloak)
rCorr   .          Rampage  .   p - +0 pair of gloves
Will    .....                   (no boots)
Stlth   +.........              (no amulet)
HPRegen 0.20/turn               j - +4 ring of protection
MPRegen 0.11/turn               e - +4 ring of evasion

@: lethally poisoned (-1 -> -11), on berserk cooldown, slowed, very slow
A: horns 1, foul stench 1, condensation shield, weakness stinger 1
a: Renounce Religion, Berserk, Trog's Hand


You were on level 6 of the Dungeon.
You worshipped Trog.
Trog was pleased with you.
You visited 1 branch of the dungeon, and saw 6 of its levels.
You also visited: Ossuary.

You collected 272 gold pieces.

Inventory:

Hand Weapons
 a - a +0 long sword of freezing (weapon)
Missiles
 d - 3 throwing nets
 h - 8 boomerangs
 o - 175 stones (quivered)
 y - 5 javelins
 D - 10 poisoned darts
Armour
 b - a +1 leather armour (worn)
 c - a +0 ring mail
 p - a +0 pair of gloves (worn)
 s - a +0 chain mail
Jewellery
 e - a +4 ring of evasion (right hand)
 j - a +4 ring of protection (left hand)
 m - a ring of flight
 G - a ring of poison resistance
Wands
 i - a wand of digging (6)
 E - a wand of paralysis (7)
Scrolls
 k - 4 scrolls of magic mapping
 n - 2 scrolls of summoning
 t - a scroll of immolation
 u - a scroll of torment {unknown}
 v - a scroll of enchant armour
 w - a scroll of teleportation
 x - 3 scrolls of fog
 z - 2 scrolls of silence {unknown}
 A - a scroll of noise {unknown}
 F - a scroll of identify
Potions
 f - a potion of ambrosia
 g - 2 potions of curing
 l - a potion of haste {unknown}
 q - 2 potions of heal wounds {unknown}
 r - a potion of berserk rage {unknown}
 B - a potion of lignification {unknown}
 C - a potion of brilliance {unknown}


   Skills:
 + Level 5.9 Fighting
 * Level 7.8 Long Blades
 - Level 2.0 Throwing
 + Level 4.9 Armour
 - Level 3.0 Dodging


You had 7 spell levels left.
You didn't know any spells.
Your spell library contained the following spells:

 Spells                   Type           Power      Damage    Failure   Level
 Sting                    Tmut/Pois      0%         1d3       41%         1
 Poisonous Vapours        Pois/Air       0%         N/A       56%         2
 Olgreb's Toxic Radiance  Pois           0%         N/A       99%         4


Dungeon Overview and Level Annotations

Branches:
Dungeon (6/15)            Ossuary (visited)
 Temple: D:4-7

Altars:
Kikubaaqudgha
Makhleb
Trog
Zin

Shops:
D:3 (

Annotations:
D:5 2 transporters


Innate Abilities, Weirdness & Mutations

You have a pair of small horns on your head.
You may rarely emit foul miasma when damaged in melee.
A meltable shield of frost defends you. (SH +4)
You have a small tail.


Message History

The gnoll sergeant is almost dead.
You feel sick. You block the gnoll's attack. The gnoll completely misses you.
The gnoll sergeant hits you but does no damage.
You are more poisoned.
The gnoll hits you with a +0 flail.
* * * LOW HITPOINT WARNING * * *
You emit a cloud of foul miasma!
The gnoll barely misses you. x2
You feel better. The gnoll sergeant misses you.
The gnoll is engulfed in dark miasma.
The gnoll is poisoned.
The gnoll closely misses you. The gnoll misses you.
The gnoll completely misses you.
The gnoll sergeant hits you with a +3 spear of venom!
* * * LOW HITPOINT WARNING * * *
You are lethally poisoned!
The gnoll is engulfed in dark miasma.
The gnoll looks even sicker.
You kill the gnoll!
Trog accepts your kill.
You feel better. The gnoll completely misses you.
The gnoll hits you but does no damage.
The gnoll sergeant hits you with a +3 spear of venom!
* * * LOW HITPOINT WARNING * * *
You are lethally poisoned!
You block the gnoll's attack.
The gnoll hits you from afar with a +0 trident!
* * * LOW HITPOINT WARNING * * *
You feel better. The gnoll sergeant closely misses you. The gnoll misses you.
The gnoll closely misses you.
The gnoll sergeant hits you with a +3 spear of venom!
* * * LOW HITPOINT WARNING * * *
You are lethally poisoned!
You feel better. The gnoll misses you. x2
The gnoll sergeant barely misses you. The gnoll barely misses you.
The gnoll misses you. The gnoll sergeant blocks your attack.
The gnoll sergeant is almost dead.
The gnoll sergeant hits you with a +3 spear of venom.
* * * LOW HITPOINT WARNING * * *
You are lethally poisoned!
The gnoll hits you from afar with a +0 spear.
You die...

## ..# ###.#
..######:..##
............# #######
.......)....# #......
#†)...# ##.#####
##)@g.# #.......
.###).g#######..>....
........g..............
...####................
# #.########....... #.#
#....... #.# #>......
#.# ####.### #.# #.#


You could see a gnoll sergeant and 2 gnolls.

Vanquished Creatures
  A hornet (D:4)
  A wraith (D:5)
  A water moccasin (D:4)
  3 ogres
  A necrophage (D:3)
  A scorpion (D:5)
  A water moccasin zombie (D:5)
  A water moccasin skeleton (D:5)
  4 killer bees (D:6)
  A howler monkey (D:6)
  A bullfrog zombie (D:5)
  2 hounds
  2 centaur zombies (Ossuary)
  2 orc priests
  2 jellies (D:4)
  2 orc wizards
  An iguana (D:6)
  3 ogre zombies (Ossuary)
  7 mummies (Ossuary)
  A gnoll (D:6)
  2 adders
  2 ufetubi
  An adder zombie (Ossuary)
  A worm (D:4)
  4 dart slugs
  4 orcs
  5 endoplasms
  5 goblins
  A hobgoblin (D:2)
  6 kobolds
  A quokka (D:3)
  3 ball pythons
  3 bats (D:1)
  A frilled lizard (D:2)
  5 hobgoblin zombies (Ossuary)
  6 kobold zombies (Ossuary)
  8 quokka zombies (Ossuary)
  A rat (D:1)
  5 rat zombies (Ossuary)
102 creatures vanquished.

Notes
Turn   | Place    | Note
-------+----------+-------------------------------------------
     0 | D:1      | firemarshallily the Demonspawn Gladiator began the quest
                  | for the Orb.
     0 | D:1      | Reached XP level 1. HP: 16/16 MP: 1/1
   311 | D:1      | Discovered your monstrous ancestry.
   311 | D:1      | Gained mutation: You have a small tail. [demonic ancestry]
   311 | D:1      | Reached XP level 2. HP: 20/22 MP: 2/2
   563 | D:1      | Reached skill level 3 in Long Blades
  1415 | D:2      | Found a faded altar of an unknown god.
  1422 | D:2      | Prayed at the altar of an unknown god.
  1422 | D:2      | Became a worshipper of Trog the Wrathful
  1422 | D:2      | Reached * piety under Trog
  1495 | D:2      | Gained mutation: You have a pair of small horns on your
                  | head. [demonic ancestry]
  1495 | D:2      | Reached XP level 3. HP: 22/27 MP: 3/3
  1686 | D:3      | Reached skill level 1 in Armour
  2180 | D:3      | Found Nuim's Antique Weapon Shoppe.
  2276 | D:3      | Noticed a necrophage
  2281 | D:3      | Killed a necrophage
  2282 | D:3      | Gained mutation: You may rarely emit foul miasma when
                  | damaged in melee. [demonic ancestry]
  2282 | D:3      | Reached XP level 4. HP: 34/34 MP: 4/4
  2481 | D:3      | Reached XP level 5. HP: 40/40 MP: 5/5
  2532 | D:4      | Reached skill level 4 in Long Blades
  2713 | D:4      | Found a sand-covered staircase.
  2720 | Ossuary  | Entered an ossuary
  3126 | Ossuary  | Reached ** piety under Trog
  3138 | Ossuary  | Reached XP level 6. HP: 46/47 MP: 6/6
  3330 | Ossuary  | Reached skill level 5 in Long Blades
  3611 | D:4      | Noticed a water moccasin
  3624 | D:4      | Reached XP level 7. HP: 49/54 MP: 7/7
  3692 | D:4      | Found an ancient bone altar of Kikubaaqudgha.
  3757 | D:4      | Noticed a hornet
  3760 | D:4      | Paralysed by a hornet for 2 turns
  3761 | D:4      | Killed a hornet
  3762 | D:4      | Reached skill level 6 in Long Blades
  3968 | D:5      | Entered Level 5 of the Dungeon
  3968 | D:5      | Noticed a wraith
  4078 | D:5      | Found a burning altar of Makhleb.
  4187 | D:5      | Found a transporter.
  4239 | D:5      | Found a transporter.
  4321 | D:5      | Gained mutation: A meltable shield of frost defends you.
                  | (SH +4) [demonic ancestry]
  4321 | D:5      | Reached XP level 8. HP: 61/61 MP: 8/8
  4427 | D:5      | Reached skill level 5 in Fighting
  4634 | D:5      | Reached skill level 7 in Long Blades
  5085 | D:6      | HP: 3/64 [gnoll/+0 trident (8)]
  5088 | D:6      | Slain by a gnoll

Illustrated notes

Levels and vault maps discovered:
D:1:      matt_arrival_spirals, layout_basic, serial_park_tiny_2
D:2:      layout_rooms, ebering_ecumenical_altar_hall,
          wander_ebering_terrifying_dragon_lair
D:3:      layout_basic, serial_shops, nicolae_shop_crystal, serial_bayou_pond_e,
          nicolae_concentric_dashed_squares_wild, minmay_bisected
D:4:      layout_gridville, mainiacjoe_overflow_brackets, kennysheep_mini_moat,
          nicolae_ossuary_entry_monument
D:5:      gammafunk_steamed_eel, layout_loops_ring, makhleb_heckhound_becter,
          grunt_ministairs_14
D:6:      layout_loops_ring, elyvilon_altar_5, temple_doors_cd,
          uniq_blork_the_orc, uniq_sigmund

Skill      XL: |  1  2  3  4  5  6  7  8 |
---------------+-------------------------+-----
Long Blades    | 3 4 5 6 7 |  7.8
Throwing       | 2 |  2.0
Armour         | 1 2 3 4 |  4.9
Dodging        | 3 |  3.0
Fighting       | 3 4 5 |  5.9

Action                   |  1- 3 |  4- 6 |  7- 9 || total
-------------------------+-------+-------+-------++-------
Melee: Long sword        |    73 |   126 |   112 ||   311
       Tailslap          |     7 |    23 |    19 ||    49
       Headbutt          |     2 |    36 |    22 ||    60
       Punch             |       |     4 |     1 ||     5
Throw: Stone             |       |     6 |       ||     6
Invok: Berserk           |     1 |       |     3 ||     4
  Use: Scroll            |     6 |     6 |       ||    12
       Potion            |       |       |     5 ||     5
 Stab: Sleeping          |     1 |     1 |       ||     2
Armor: Leather armour    |    36 |    31 |    31 ||    98
Dodge: Dodged            |    46 |    56 |   137 ||   239
Block: Other             |       |       |    19 ||    19
